Wild vs Blues

Created - November 8 2011 at 17:13

Goals
1 2 3 T
Wild 0 1 1 2
Blues 0 0 1 1
Shots
1 2 3 T
Wild 2 5 10 17
Blues 5 3 7 15

Period #1

No Goal

Penalties :
Steve Ott (STL) for Hooking (Minor) at 0:47, Adam Foote (MIN) for Holding (Minor) at 3:57, Michal Rozsival (MIN) for Interference (Minor) at 12:34

Period #2

1. Wild , Tom Gilbert 1 (Marc-Andre Bergeron, Ruslan Fedotenko) at 0:31 (PP)

Penalties :
Alexander Frolov (STL) for Holding (Minor) at 0:25, Alexander Frolov (STL) for Tripping (Minor) at 3:06, Alexander Frolov (STL) for Holding (Minor) at 6:40, Ryan Whitney (MIN) for High sticking (Double Minor) at 13:21

Period #3

2. Blues , Jussi Jokinen 4 (Chris Kunitz, Milan Jurcina) at 10:24 (PP)
3. Wild , Tom Gilbert 2 (Marc-Andre Bergeron, Brian Willsie) at 14:26 (PP)

Penalties :
Joni Pitkanen (MIN) for Hooking (Minor) at 3:54, Ruslan Fedotenko (MIN) for Hooking (Minor) at 9:54, Milan Jurcina (STL) for Hooking (Minor) at 10:50, Todd Bertuzzi (STL) for Roughing (Minor) at 14:02, Kristian Huselius (STL) for Roughing (Minor) at 15:33, Steve Ott (STL) for Tripping (Minor) at 18:01

Goalie Stats

Roberto Luongo (MIN), 14 saves from 15 shots - (0.933), W, 8-9-1, 60:00 minutes
Jonathan Quick (STL), 15 saves from 17 shots - (0.882), L, 5-4-2, 60:00 minutes

Players Stats

Wild
Player Name              G  A  P  +/- PIM S  H  SB FO    MP 
------------------------------------------------------------
Adam Foote               0  0  0   0  2   0  5  0  0/0   17 
Andrew Alberts           0  0  0   0  0   0  0  0  0/0   0  
Bobby Ryan               0  0  0   0  0   1  2  0  9/20  22 
Brian Willsie            0  1  1   0  0   1  2  0  0/1   17 
Christopher Higgins      0  0  0   0  0   1  0  0  2/3   21 
Erik Cole                0  0  0   0  0   4  0  0  1/3   21 
Joel Ward                0  0  0   0  0   1  1  2  3/3   18 
Joni Pitkanen            0  0  0   0  2   1  1  1  0/0   19 
Marc-Andre Bergeron      0  2  2   0  0   0  1  2  0/0   20 
Michal Rozsival          0  0  0   0  2   1  0  1  0/0   16 
Mike Modano              0  0  0   0  0   1  0  1  3/13  14 
Milan Michalek           0  0  0   0  0   0  2  0  1/1   6  
Niclas Wallin            0  0  0   0  0   0  0  1  0/0   6  
Nik Antropov             0  0  0   0  0   0  1  0  3/7   14 
Ruslan Fedotenko         0  1  1   0  2   3  6  0  0/0   17 
Ryan Whitney             0  0  0   0  4   1  0  1  0/0   19 
Tim Stapleton            0  0  0   0  0   0  0  0  6/11  20 
Tom Gilbert              2  0  2   0  0   2  1  3  0/0   22 
Blues
Player Name              G  A  P  +/- PIM S  H  SB FO    MP 
------------------------------------------------------------
Alexander Frolov         0  0  0   0  6   0  1  0  0/0   10 
Chris Kunitz             0  1  1   0  0   0  1  0  1/1   14 
Daymond Langkow          0  0  0   0  0   2  0  0  0/4   8  
Dennis Wideman           0  0  0   0  0   2  0  0  0/0   23 
Jean-Pierre Dumont       0  0  0   0  0   0  1  0  0/2   13 
Jerred Smithson          0  0  0   0  0   0  2  0  6/8   12 
Jussi Jokinen            1  0  1   0  0   2  0  0  8/13  19 
Kent Huskins             0  0  0   0  0   0  0  3  0/0   19 
Kristian Huselius        0  0  0   0  2   0  0  0  1/2   16 
Mark Fayne               0  0  0   0  0   0  0  1  0/0   15 
Matthew Lombardi         0  0  0   0  0   0  0  0  0/2   10 
Mikael Backlund          0  0  0   0  0   1  0  0  6/9   20 
Milan Jurcina            0  1  1   0  2   1  1  1  0/0   19 
Robyn Regehr             0  0  0   0  0   3  1  2  0/0   23 
Saku Koivu               0  0  0   0  0   3  2  1  11/18 21 
Steve Ott                0  0  0   0  4   0  5  0  1/2   14 
Todd Bertuzzi            0  0  0   0  2   1  2  0  0/1   14 
Yannick Weber            0  0  0   0  0   0  1  0  0/0   18 

3 Stars

1 - Tom Gilbert (MIN)
2 - Marc-Andre Bergeron (MIN)
3 - Roberto Luongo (MIN)

Power Play

Wild - 2 on 8 Attempt(s) - 25.00%
Blues - 1 on 6 Attempt(s) - 16.67%

Penalty Kill

Wild - 5 on 6 Attempt(s) - 83.33% - Score 0 goal in Penalty Kill
Blues - 6 on 8 Attempt(s) - 75.00% - Score 0 goal in Penalty Kill

Game Notes

No Game Note

Finance

Level 1 -- Attendance: 6500 (100.00%) -- Ticket Income $390,000.00
Level 2 -- Attendance: 5000 (100.00%) -- Ticket Income $150,000.00
Level 3 -- Attendance: 3408 (97.37%) -- Ticket Income $85,200.00
Level 4 -- Attendance: 2700 (89.34%) -- Ticket Income $40,500.00
Luxury Box -- Attendance: 938 (93.80%) -- Ticket Income $112,560.00
Game was played at the Scottrade Center
Total Attendance: 18546 (97.50%)
Total Ticket Income: $810,002.80
Other Income: $211,597.50
Total Income: $1,021,601.00


Play by Play

Period #1

0:01 of 1st period - Bobby Ryan wins face-off versus Jussi Jokinen in neutral zone.
0:01 of 1st period - Bobby Ryan is hit by Steve Ott.
0:47 of 1st period - Minor Penalty to Steve Ott for Hooking.
0:48 of 1st period - Tim Stapleton wins face-off versus Saku Koivu in Blues zone.
0:51 of 1st period - Shot by Ruslan Fedotenko.
0:51 of 1st period - Shot Misses the Net.
1:23 of 1st period - Shot by Ruslan Fedotenko.
1:23 of 1st period - Stopped by Jonathan Quick without a rebound.
1:24 of 1st period - Christopher Higgins wins face-off versus Saku Koivu in Blues zone.
1:27 of 1st period - Shot by Ryan Whitney.
1:27 of 1st period - Deflect By Christopher Higgins.
1:27 of 1st period - Shot Blocked by Saku Koivu.
1:34 of 1st period - Icing by Ryan Whitney.
1:35 of 1st period - Saku Koivu wins face-off versus Bobby Ryan in Wild zone.
2:21 of 1st period - Shot by Ruslan Fedotenko.
2:21 of 1st period - Stopped by Jonathan Quick without a rebound.
2:22 of 1st period - Jerred Smithson wins face-off versus Bobby Ryan in Blues zone.
2:49 of 1st period - Icing by Alexander Frolov.
2:50 of 1st period - Saku Koivu wins face-off versus Nik Antropov in Blues zone.
2:50 of 1st period - Yannick Weber is hit by Nik Antropov and loses puck.
3:18 of 1st period - Shot by Saku Koivu.
3:18 of 1st period - Shot Misses the Net.
3:22 of 1st period - Shot by Kristian Huselius.
3:22 of 1st period - Shot Blocked by Tom Gilbert.
3:25 of 1st period - Alexander Frolov is hit by Adam Foote and loses puck.
3:39 of 1st period - Daymond Langkow is hit by Adam Foote and loses puck.
3:56 of 1st period - Shot by Daymond Langkow.
3:56 of 1st period - Shot Blocked by Tom Gilbert.
3:57 of 1st period - Minor Penalty to Adam Foote for Holding.
3:58 of 1st period - Mike Modano wins face-off versus Jussi Jokinen in Wild zone.
3:58 of 1st period - Ryan Whitney is hit by Steve Ott.
4:14 of 1st period - Shot by Jussi Jokinen.
4:14 of 1st period - Shot Misses the Net.
4:20 of 1st period - Shot by Milan Jurcina.
4:20 of 1st period - Shot Blocked by Marc-Andre Bergeron.
4:22 of 1st period - Shot by Dennis Wideman.
4:22 of 1st period - Stopped by Roberto Luongo with a rebound.
4:24 of 1st period - Shot by Milan Jurcina.
4:24 of 1st period - Shot Misses the Net.
4:26 of 1st period - Shot by Milan Jurcina.
4:26 of 1st period - Stopped by Roberto Luongo without a rebound.
4:27 of 1st period - Saku Koivu wins face-off versus Mike Modano in Wild zone.
4:41 of 1st period - Icing by Mikael Backlund.
4:42 of 1st period - Saku Koivu wins face-off versus Bobby Ryan in Blues zone.
4:51 of 1st period - Shot by Saku Koivu.
4:51 of 1st period - Shot Misses the Net.
4:53 of 1st period - Shot by Yannick Weber.
4:53 of 1st period - Shot Blocked by Marc-Andre Bergeron.
4:55 of 1st period - Shot by Robyn Regehr.
4:55 of 1st period - Shot Misses the Net.
5:47 of 1st period - Shot by Kristian Huselius.
5:47 of 1st period - Shot Misses the Net.
5:49 of 1st period - Shot by Robyn Regehr.
5:49 of 1st period - Shot Blocked by Tom Gilbert.
5:51 of 1st period - Shot by Robyn Regehr.
5:51 of 1st period - Stopped by Roberto Luongo with a rebound.
5:53 of 1st period - Shot by Robyn Regehr.
5:53 of 1st period - Shot Misses the Net.
5:55 of 1st period - Shot by Robyn Regehr.
5:55 of 1st period - Stopped by Roberto Luongo without a rebound.
5:56 of 1st period - Tim Stapleton wins face-off versus Jussi Jokinen in Wild zone.
5:56 of 1st period - Tim Stapleton is hit by Steve Ott.
7:24 of 1st period - Milan Jurcina is hit by Joel Ward and loses puck.
8:02 of 1st period - Erik Cole is hit by Milan Jurcina and loses puck.
8:27 of 1st period - Ruslan Fedotenko is hit by Saku Koivu and loses puck.
11:53 of 1st period - Icing by Tom Gilbert.
11:54 of 1st period - Joel Ward wins face-off versus Daymond Langkow in Wild zone.
12:13 of 1st period - Shot by Todd Bertuzzi.
12:13 of 1st period - Deflect By Daymond Langkow.
12:13 of 1st period - Stopped by Roberto Luongo without a rebound.
12:14 of 1st period - Tim Stapleton wins face-off versus Daymond Langkow in Wild zone.
12:18 of 1st period - Michal Rozsival is hit by Jean-Pierre Dumont and loses puck.
12:34 of 1st period - Minor Penalty to Michal Rozsival for Interference.
12:35 of 1st period - Tim Stapleton wins face-off versus Daymond Langkow in Wild zone.
13:17 of 1st period - Off-side.
13:18 of 1st period - Mike Modano wins face-off versus Steve Ott in neutral zone.
14:18 of 1st period - Saku Koivu is hit by Marc-Andre Bergeron and loses puck.
14:33 of 1st period - Shot by Erik Cole.
14:33 of 1st period - Shot Misses the Net.
14:40 of 1st period - Icing by Yannick Weber.
14:41 of 1st period - Christopher Higgins wins face-off versus Matthew Lombardi in Blues zone.
15:21 of 1st period - Jussi Jokinen is hit by Milan Michalek and loses puck.
15:25 of 1st period - Icing by Steve Ott.
15:26 of 1st period - Jussi Jokinen wins face-off versus Christopher Higgins in Blues zone.
16:41 of 1st period - Shot by Mark Fayne.
16:41 of 1st period - Shot Misses the Net.
17:57 of 1st period - Mikael Backlund is hit by Ruslan Fedotenko.
18:28 of 1st period - Shot by Robyn Regehr.
18:28 of 1st period - Shot Blocked by Michal Rozsival.

Period #2

0:01 of 2nd period - Jussi Jokinen wins face-off versus Bobby Ryan in neutral zone.
0:01 of 2nd period - Jussi Jokinen is hit by Bobby Ryan.
0:12 of 2nd period - Icing by Ryan Whitney.
0:13 of 2nd period - Bobby Ryan wins face-off versus Kristian Huselius in Wild zone.
0:25 of 2nd period - Minor Penalty to Alexander Frolov for Holding.
0:26 of 2nd period - Tim Stapleton wins face-off versus Jerred Smithson in Blues zone.
0:31 of 2nd period - Shot by Tom Gilbert.
0:31 of 2nd period - Goal by Tom Gilbert - Wild : 1 - Blues : 0.
0:32 of 2nd period - Joel Ward wins face-off versus Mikael Backlund in neutral zone.
0:46 of 2nd period - Mikael Backlund is hit by Adam Foote and loses puck.
1:07 of 2nd period - Icing by Kent Huskins.
1:08 of 2nd period - Bobby Ryan wins face-off versus Jean-Pierre Dumont in Blues zone.
1:20 of 2nd period - Erik Cole is hit by Yannick Weber and loses puck.
1:53 of 2nd period - Icing by Steve Ott.
1:54 of 2nd period - Steve Ott wins face-off versus Tim Stapleton in Blues zone.
1:54 of 2nd period - Steve Ott is hit by Brian Willsie.
2:08 of 2nd period - Shot by Brian Willsie.
2:08 of 2nd period - Shot Blocked by Robyn Regehr.
2:15 of 2nd period - Icing by Jussi Jokinen.
2:16 of 2nd period - Joel Ward wins face-off versus Jussi Jokinen in Blues zone.
2:22 of 2nd period - Dennis Wideman is hit by Adam Foote and loses puck.
2:29 of 2nd period - Shot by Chris Kunitz.
2:29 of 2nd period - Shot Blocked by Joel Ward.
3:06 of 2nd period - Minor Penalty to Alexander Frolov for Tripping.
3:07 of 2nd period - Saku Koivu wins face-off versus Erik Cole in Blues zone.
3:32 of 2nd period - Shot by Erik Cole.
3:32 of 2nd period - Shot Misses the Net.
3:37 of 2nd period - Shot by Christopher Higgins.
3:37 of 2nd period - Shot Misses the Net.
3:39 of 2nd period - Shot by Ryan Whitney.
3:39 of 2nd period - Shot Blocked by Milan Jurcina.
3:43 of 2nd period - Shot by Ryan Whitney.
3:43 of 2nd period - Shot Misses the Net.
3:45 of 2nd period - Shot by Ryan Whitney.
3:45 of 2nd period - Shot Blocked by Kent Huskins.
3:47 of 2nd period - Shot by Bobby Ryan.
3:47 of 2nd period - Stopped by Jonathan Quick without a rebound.
3:48 of 2nd period - Jerred Smithson wins face-off versus Mike Modano in Blues zone.
3:48 of 2nd period - Jerred Smithson is hit by Ruslan Fedotenko.
5:16 of 2nd period - Icing by Kent Huskins.
5:17 of 2nd period - Nik Antropov wins face-off versus Jean-Pierre Dumont in Blues zone.
6:06 of 2nd period - Adam Foote is hit by Jerred Smithson and loses puck.
6:40 of 2nd period - Minor Penalty to Alexander Frolov for Holding.
6:41 of 2nd period - Bobby Ryan wins face-off versus Saku Koivu in Blues zone.
6:44 of 2nd period - Shot by Joni Pitkanen.
6:44 of 2nd period - Stopped by Jonathan Quick without a rebound.
6:45 of 2nd period - Bobby Ryan wins face-off versus Saku Koivu in Blues zone.
6:48 of 2nd period - Shot by Michal Rozsival.
6:48 of 2nd period - Shot Misses the Net.
7:37 of 2nd period - Icing by Tom Gilbert.
7:38 of 2nd period - Jussi Jokinen wins face-off versus Mike Modano in Wild zone.
8:09 of 2nd period - Shot by Brian Willsie.
8:09 of 2nd period - Shot Misses the Net.
8:11 of 2nd period - Shot by Brian Willsie.
8:11 of 2nd period - Deflect By Mike Modano.
8:11 of 2nd period - Shot Misses the Net.
8:42 of 2nd period - Shot by Joel Ward.
8:42 of 2nd period - Stopped by Jonathan Quick without a rebound.
8:43 of 2nd period - Nik Antropov wins face-off versus Saku Koivu in Blues zone.
9:02 of 2nd period - Shot by Saku Koivu.
9:02 of 2nd period - Stopped by Roberto Luongo without a rebound.
9:03 of 2nd period - Mikael Backlund wins face-off versus Mike Modano in Wild zone.
9:13 of 2nd period - Icing by Kent Huskins.
9:14 of 2nd period - Nik Antropov wins face-off versus Mikael Backlund in Blues zone.
9:37 of 2nd period - Shot by Jean-Pierre Dumont.
9:37 of 2nd period - Shot Misses the Net.
10:11 of 2nd period - Jussi Jokinen is hit by Tom Gilbert and loses puck.
10:49 of 2nd period - Off-side.
10:50 of 2nd period - Mikael Backlund wins face-off versus Bobby Ryan in neutral zone.
10:52 of 2nd period - Kent Huskins is hit by Joni Pitkanen and loses puck.
11:03 of 2nd period - Icing by Jean-Pierre Dumont.
11:04 of 2nd period - Mikael Backlund wins face-off versus Bobby Ryan in Blues zone.
11:16 of 2nd period - Shot by Mikael Backlund.
11:16 of 2nd period - Stopped by Roberto Luongo with a rebound.
11:18 of 2nd period - Shot by Yannick Weber.
11:18 of 2nd period - Shot Misses the Net.
12:14 of 2nd period - Dennis Wideman is hit by Ruslan Fedotenko and loses puck.
13:06 of 2nd period - Jean-Pierre Dumont is hit by Ruslan Fedotenko and loses puck.
13:19 of 2nd period - Bobby Ryan is hit by Todd Bertuzzi and loses puck.
13:21 of 2nd period - Double Minor Penalty to Ryan Whitney for High sticking.
13:22 of 2nd period - Saku Koivu wins face-off versus Bobby Ryan in Wild zone.
13:23 of 2nd period - Shot by Robyn Regehr.
13:23 of 2nd period - Shot Blocked by Niclas Wallin.
14:26 of 2nd period - Shot by Dennis Wideman.
14:26 of 2nd period - Stopped by Roberto Luongo without a rebound.
14:27 of 2nd period - Jussi Jokinen wins face-off versus Tim Stapleton in Wild zone.
14:42 of 2nd period - Bobby Ryan is hit by Chris Kunitz and loses puck.
14:49 of 2nd period - Shot by Jussi Jokinen.
14:49 of 2nd period - Deflect By Steve Ott.
14:49 of 2nd period - Shot Misses the Net.
17:47 of 2nd period - Joni Pitkanen is hit by Todd Bertuzzi and loses puck.
18:04 of 2nd period - Milan Michalek is hit by Saku Koivu and loses puck.
19:14 of 2nd period - Shot by Erik Cole.
19:14 of 2nd period - Stopped by Jonathan Quick with a rebound.
19:33 of 2nd period - Off-side.
19:34 of 2nd period - Mikael Backlund wins face-off versus Nik Antropov in neutral zone.

Period #3

0:01 of 3rd period - Jussi Jokinen wins face-off versus Bobby Ryan in neutral zone.
0:07 of 3rd period - Marc-Andre Bergeron is hit by Robyn Regehr and loses puck.
0:38 of 3rd period - Bobby Ryan is hit by Steve Ott and loses puck.
1:04 of 3rd period - Icing by Saku Koivu.
1:05 of 3rd period - Saku Koivu wins face-off versus Nik Antropov in Blues zone.
1:51 of 3rd period - Shot by Todd Bertuzzi.
1:51 of 3rd period - Deflect By Jean-Pierre Dumont.
1:51 of 3rd period - Shot Misses the Net.
1:55 of 3rd period - Shot by Mikael Backlund.
1:55 of 3rd period - Shot Misses the Net.
2:39 of 3rd period - Shot by Daymond Langkow.
2:39 of 3rd period - Stopped by Roberto Luongo with a rebound.
2:41 of 3rd period - Shot by Daymond Langkow.
2:41 of 3rd period - Shot Blocked by Joel Ward.
2:43 of 3rd period - Shot by Robyn Regehr.
2:43 of 3rd period - Stopped by Roberto Luongo without a rebound.
2:44 of 3rd period - Jussi Jokinen wins face-off versus Erik Cole in Wild zone.
3:46 of 3rd period - Shot by Brian Willsie.
3:46 of 3rd period - Stopped by Jonathan Quick without a rebound.
3:47 of 3rd period - Mikael Backlund wins face-off versus Mike Modano in Blues zone.
3:47 of 3rd period - Mikael Backlund is hit by Brian Willsie.
3:54 of 3rd period - Minor Penalty to Joni Pitkanen for Hooking.
3:55 of 3rd period - Mike Modano wins face-off versus Saku Koivu in Wild zone.
4:08 of 3rd period - Shot by Saku Koivu.
4:08 of 3rd period - Shot Blocked by Mike Modano.
4:12 of 3rd period - Shot by Kristian Huselius.
4:12 of 3rd period - Deflect By Saku Koivu.
4:12 of 3rd period - Stopped by Roberto Luongo without a rebound.
4:13 of 3rd period - Jussi Jokinen wins face-off versus Mike Modano in Wild zone.
6:09 of 3rd period - Shot by Erik Cole.
6:09 of 3rd period - Stopped by Jonathan Quick with a rebound.
6:12 of 3rd period - Icing by Jean-Pierre Dumont.
6:13 of 3rd period - Bobby Ryan wins face-off versus Matthew Lombardi in Blues zone.
6:38 of 3rd period - Shot by Christopher Higgins.
6:38 of 3rd period - Shot Blocked by Kent Huskins.
6:42 of 3rd period - Shot by Erik Cole.
6:42 of 3rd period - Stopped by Jonathan Quick without a rebound.
6:43 of 3rd period - Saku Koivu wins face-off versus Tim Stapleton in Blues zone.
6:58 of 3rd period - Shot by Milan Jurcina.
6:58 of 3rd period - Shot Blocked by Joni Pitkanen.
7:48 of 3rd period - Shot by Christopher Higgins.
7:48 of 3rd period - Stopped by Jonathan Quick without a rebound.
7:49 of 3rd period - Bobby Ryan wins face-off versus Todd Bertuzzi in Blues zone.
7:50 of 3rd period - Shot by Erik Cole.
7:50 of 3rd period - Shot Misses the Net.
7:57 of 3rd period - Icing by Todd Bertuzzi.
7:58 of 3rd period - Mikael Backlund wins face-off versus Nik Antropov in Blues zone.
8:05 of 3rd period - Shot by Todd Bertuzzi.
8:05 of 3rd period - Stopped by Roberto Luongo without a rebound.
8:06 of 3rd period - Erik Cole wins face-off versus Daymond Langkow in Wild zone.
9:52 of 3rd period - Kent Huskins is hit by Ruslan Fedotenko and loses puck.
9:54 of 3rd period - Minor Penalty to Ruslan Fedotenko for Hooking.
9:55 of 3rd period - Chris Kunitz wins face-off versus Mike Modano in Wild zone.
9:56 of 3rd period - Shot by Jussi Jokinen.
9:56 of 3rd period - Stopped by Roberto Luongo without a rebound.
9:57 of 3rd period - Jussi Jokinen wins face-off versus Mike Modano in Wild zone.
10:11 of 3rd period - Dennis Wideman is hit by Bobby Ryan and loses puck.
10:20 of 3rd period - Shot by Jussi Jokinen.
10:20 of 3rd period - Shot Blocked by Ryan Whitney.
10:24 of 3rd period - Shot by Jussi Jokinen.
10:24 of 3rd period - Goal by Jussi Jokinen - Wild : 1 - Blues : 1.
10:25 of 3rd period - Saku Koivu wins face-off versus Bobby Ryan in neutral zone.
10:28 of 3rd period - Bobby Ryan is hit by Alexander Frolov and loses puck.
10:50 of 3rd period - Minor Penalty to Milan Jurcina for Hooking.
10:51 of 3rd period - Jerred Smithson wins face-off versus Mike Modano in Blues zone.
10:57 of 3rd period - Icing by Mike Modano.
10:58 of 3rd period - Jerred Smithson wins face-off versus Mike Modano in Wild zone.
12:32 of 3rd period - Shot by Ruslan Fedotenko.
12:32 of 3rd period - Stopped by Jonathan Quick with a rebound.
12:34 of 3rd period - Shot by Ruslan Fedotenko.
12:34 of 3rd period - Shot Misses the Net.
12:36 of 3rd period - Shot by Tom Gilbert.
12:36 of 3rd period - Shot Blocked by Mark Fayne.
12:55 of 3rd period - Chris Kunitz is hit by Adam Foote and loses puck.
13:17 of 3rd period - Shot by Nik Antropov.
13:17 of 3rd period - Shot Blocked by Robyn Regehr.
14:02 of 3rd period - Minor Penalty to Todd Bertuzzi for Roughing.
14:03 of 3rd period - Kristian Huselius wins face-off versus Tim Stapleton in Blues zone.
14:26 of 3rd period - Shot by Tom Gilbert.
14:26 of 3rd period - Goal by Tom Gilbert - Wild : 2 - Blues : 1.
14:27 of 3rd period - Saku Koivu wins face-off versus Bobby Ryan in neutral zone.
14:39 of 3rd period - Off-side.
14:40 of 3rd period - Bobby Ryan wins face-off versus Mikael Backlund in neutral zone.
15:33 of 3rd period - Minor Penalty to Kristian Huselius for Roughing.
15:34 of 3rd period - Jerred Smithson wins face-off versus Brian Willsie in Blues zone.
15:34 of 3rd period - Jerred Smithson is hit by Milan Michalek.
15:44 of 3rd period - Milan Michalek is hit by Jerred Smithson and loses puck.
16:55 of 3rd period - Shot by Michal Rozsival.
16:55 of 3rd period - Shot Misses the Net.
16:57 of 3rd period - Shot by Michal Rozsival.
16:57 of 3rd period - Stopped by Jonathan Quick without a rebound.
16:58 of 3rd period - Milan Michalek wins face-off versus Saku Koivu in Blues zone.
17:09 of 3rd period - Shot by Joni Pitkanen.
17:09 of 3rd period - Shot Blocked by Kent Huskins.
17:11 of 3rd period - Shot by Joni Pitkanen.
17:11 of 3rd period - Shot Misses the Net.
17:13 of 3rd period - Shot by Mike Modano.
17:13 of 3rd period - Stopped by Jonathan Quick without a rebound.
17:14 of 3rd period - Jerred Smithson wins face-off versus Tim Stapleton in Blues zone.
17:57 of 3rd period - Shot by Kristian Huselius.
17:57 of 3rd period - Shot Hit the Post.
17:59 of 3rd period - Shot by Saku Koivu.
17:59 of 3rd period - Stopped by Roberto Luongo without a rebound.
18:00 of 3rd period - Tim Stapleton wins face-off versus Jussi Jokinen in Wild zone.
18:00 of 3rd period - Tim Stapleton is hit by Steve Ott.
18:01 of 3rd period - Minor Penalty to Steve Ott for Tripping.
18:02 of 3rd period - Bobby Ryan wins face-off versus Jerred Smithson in Blues zone.
18:03 of 3rd period - Shot by Erik Cole.
18:03 of 3rd period - Deflect By Christopher Higgins.
18:03 of 3rd period - Shot Misses the Net.
18:05 of 3rd period - Shot by Ryan Whitney.
18:05 of 3rd period - Stopped by Jonathan Quick with a rebound.
18:07 of 3rd period - Shot by Ryan Whitney.
18:07 of 3rd period - Shot Misses the Net.
18:11 of 3rd period - Shot by Erik Cole.
18:11 of 3rd period - Stopped by Jonathan Quick without a rebound.
18:12 of 3rd period - Saku Koivu wins face-off versus Bobby Ryan in Blues zone.
18:12 of 3rd period - Saku Koivu is hit by Ruslan Fedotenko.


Output by the SimonT Hockey Simulator (STHS) for Stephane Roy -- Original Page W3C XHTML 1.0 Valid